 Dungeon Crawl Stone Soup version 0.30-a0-174-gbc10bd73c2 (webtiles) character file.

Game seed: 15438047736530365459

3882 qw the Cleaver (level 10, -18/63 HPs)
             Began as a Gargoyle Fighter on Oct 1, 2022.
             Was an Elder of Okawaru.
             Demolished by a skeletal warrior
             ... wielding a +0 long sword
              (19 damage)
             ... on level 9 of the Dungeon.
             The game lasted 00:02:33 (7875 turns).

qw the Cleaver (Gargoyle Fighter)                   Turns: 7875, Time: 00:02:34

Health: -18/63     AC: 25    Str: 24      XL:     10   Next: 19%
Magic:  13/14      EV:  9    Int:  7 (9)  God:    Okawaru [****..]
Gold:   422        SH: 11    Dex: 13 (15) Spells: 9/9 levels left

rFire   . . .      SeeInvis .    i - +1 war axe (spect)
rCold   . . .      Faith    .    c - +0 buckler
rNeg    + . .      Spirit   .    h - +0 plate armour
rPois   inf        Reflect  +    (no helmet)
rElec   +          Harm     .    (no cloak)
rCorr   .          Rampage  .    w - +1 pair of gloves of the Good {rElec}
Will    .....                    y - +0 pair of boots
Stlth   ..........               e - amulet of reflection
HPRegen 0.30/turn                a - +6 ring of dexterity
MPRegen 0.14/turn                (no ring)

@: about to teleport, heroic
A: sickness immunity, AC +7, negative energy resistance 1, electricity
resistance, torment resistance 1, petrification resistance
a: Renounce Religion, Heroism, Finesse


You were on level 9 of the Dungeon.
You worshipped Okawaru.
Okawaru was greatly pleased with you.
You visited 1 branch of the dungeon, and saw 9 of its levels.
You also visited: Ossuary.

You collected 584 gold pieces.
You spent 162 gold pieces at shops.


Innate Abilities, Weirdness & Mutations

You are immune to sickness and miasma.
Your stone body is resilient. (AC +7)
You are immune to poison.
You resist negative energy. (rN+)
You are resistant to electric shocks. (rElec)
You are resistant to unholy torment.
You are immune to petrification.


   Skills:
 - Level 7.0(12.0) Fighting
 - Level 9.5(14.5) Axes
 - Level 2.1(7.1) Throwing
 + Level 5.5(10.5) Armour
 - Level 2.2(7.2) Dodging
 - Level 4.1(9.1) Shields
 + Level 6.3 Invocations


You had 9 spell levels left.
You didn't know any spells.
Your spell library was empty.

Inventory:

Hand Weapons
 i - a +1 spectral war axe (weapon)
 v - a -2 eveningstar
Missiles
 k - a javelin (quivered)
 z - 2 boomerangs
Armour
 b - +0 acid dragon scales
 c - a +0 buckler (worn)
 h - a +0 plate armour (worn)
 w - the +1 pair of gloves of the Good (worn) {rElec}
   (You found it on level 7 of the Dungeon)

   rElec:     It insulates you from electricity.
 y - a +0 pair of boots (worn)
Jewellery
 a - a +6 ring of dexterity (left hand)
 e - an amulet of reflection (around neck)
Scrolls
 r - a scroll of teleportation
 s - a scroll of identify
 u - a scroll of brand weapon
Potions
 d - a potion of might
 f - a potion of invisibility {unknown}
 g - 5 potions of attraction
 l - a potion of haste
 m - a potion of resistance
 n - 4 potions of curing
 o - a potion of lignification
 p - a potion of magic
 q - a potion of cancellation
 x - a potion of mutation

Dungeon Overview and Level Annotations

Branches:
Dungeon (9/15)             Temple (0/1) D:5         Ossuary (visited)
   Lair: D:8-11         Orc: D:9-12

Altars:
Cheibriados
Hepliaklqana
Nemelex Xobeh
Okawaru
Sif Muna
The Shining One

Shops:
D:3 *:(!(   D:5 :[


Message History

The skeletal warrior hits you with a +0 long sword!
The skeletal warrior hits you but does no damage.
7871 ||| READING 2 scrolls of teleportation.
As you read the scroll of teleportation, it crumbles to dust.
You feel strangely unstable.
The skeletal warrior hits you but does no damage.
You block the skeletal warrior's attack.
7872 ||| DRINKING potion of heal wounds.
You feel much better.
The skeletal warrior hits you but does no damage.
The skeletal warrior hits you from afar with a +0 glaive.
You closely miss the skeletal warrior.
The skeletal warrior is almost destroyed.
You hit the skeletal warrior. You closely miss the skeletal warrior.
Your +1 spectral war axe hits the skeletal warrior.
You block the skeletal warrior's attack.
The skeletal warrior hits you with a +0 hand axe!
The skeletal warrior hits your +1 spectral war axe with a +0 hand axe!!
Your spectral weapon shares its damage with you!
You block the skeletal warrior's attack.
The skeletal warrior hits you from afar with a +0 glaive.
You hit the skeletal warrior.
The skeletal warrior is almost destroyed.
You closely miss the skeletal warrior. x2
Your +1 spectral war axe hits the skeletal warrior!
Your +1 spectral war axe barely misses the skeletal warrior.
Your +1 spectral war axe hits the skeletal warrior.
You hit the skeletal warrior.
The skeletal warrior is almost destroyed.
You barely miss the skeletal warrior.
You completely miss the skeletal warrior.
Your +1 spectral war axe hits the skeletal warrior!
Your +1 spectral war axe misses the skeletal warrior.
Your +1 spectral war axe hits the skeletal warrior!
The skeletal warrior barely misses you.
The skeletal warrior hits you but does no damage.
The skeletal warrior hits your +1 spectral war axe with a +0 war axe!
Your spectral weapon shares its damage with you!
The skeletal warrior hits you with a +0 long sword!!
You die...

#.# #.# 7~7 ..... #.#
#77.~7####..... #.#
#...........(.. #.#
#............
##.#####.#...........
.........#.......z.#
##.########....¤z..#
#.# #.....@z(# #.#
#......z.#
#.###########.#.###.#
#....................
###########.#.#.###.#
#........ #..#..###
#..#..# #..#..#


You could see 4 skeletal warriors and a friendly +1 spectral war axe (summoned).

Vanquished Creatures
  An acid dragon (D:8)
  2 water moccasins
  3 sky beasts
  2 black bears (D:5)
  3 ice beasts
  An orc warrior (D:8)
  3 ogres
  A centaur (D:7)
  2 phantoms
  3 elf zombies (Ossuary)
  2 kobold brigands (D:7)
  5 bullfrogs
  A necrophage (D:4)
  5 scorpions
  4 wights (D:9)
  A killer bee (D:4)
  A howler monkey (D:5)
  3 hounds
  2 jellies
  4 orc priests
  4 gnoll boudas
  3 iguanas
  4 orc wizards
  6 mummies
  7 adders
  16 gnolls
  A shadow imp (D:7)
  2 white imps
  An ufetubus (D:6)
  An adder zombie (Ossuary)
  A worm (D:2)
  4 dart slugs
  14 orcs
  6 ball pythons
  12 endoplasms
  3 giant cockroaches
  A gnoll zombie (Ossuary)
  3 goblins
  8 hobgoblins
  2 jackals (D:2)
  13 kobolds
  4 quokkas
  6 bats
  A goblin zombie (D:8)
  A hobgoblin zombie (Ossuary)
  2 jackal zombies (Ossuary)
  3 kobold zombies
  An orc zombie (Ossuary)
  11 rats
  A rat zombie (Ossuary)
191 creatures vanquished.

Vanquished Creatures (others)
  11 fungi (D:4)
  19 plants (D:6)
30 creatures vanquished.

Grand Total: 221 creatures vanquished

Notes
Turn   | Place    | Note
-------+----------+-------------------------------------------
     0 | D:1      | qw the Gargoyle Fighter began the quest for the Orb.
     0 | D:1      | Reached XP level 1. HP: 14/14 MP: 1/1
     0 | D:1      | 0 ||| qw: Version: 0.2-a-13-gfc7b4b4
     0 | D:1      | 0 ||| qw: Game counter: 1950
     0 | D:1      | 0 ||| qw: Always use a shield: true
     0 | D:1      | 0 ||| qw: God list: Okawaru
     0 | D:1      | 0 ||| qw: Allow faded altars: false
     0 | D:1      | 0 ||| qw: Do Orc after D:15 true
     0 | D:1      | 0 ||| qw: Do second Lair branch before Depths: true
     0 | D:1      | 0 ||| qw: Lair rune preference: random
     0 | D:1      | 0 ||| qw: Plans: Normal, Zot:1-4, God:TSO, Crypt, Tomb,
                  | Pan, Slime:5, Hells, Abyss, Orb
     0 | D:1      | 0 ||| PLANNING D:1-11
    31 | D:1      | Reached skill level 2 in Axes
   153 | D:1      | 153 ||| Stepping ~*~*~tactically~*~*~ (stealth).
   162 | D:1      | Reached XP level 2. HP: 12/19 MP: 2/2
   274 | D:1      | Reached skill level 3 in Axes
   328 | D:1      | Reached XP level 3. HP: 23/23 MP: 3/3
   336 | D:1      | 336 ||| Stepping ~*~*~tactically~*~*~ (stealth).
   337 | D:1      | 337 ||| Stepping ~*~*~tactically~*~*~ (stealth).
   468 | D:1      | 468 ||| Stepping ~*~*~tactically~*~*~ (hiding).
   779 | D:1      | 779 ||| Stepping ~*~*~tactically~*~*~ (hiding).
   781 | D:1      | 781 ||| Stepping ~*~*~tactically~*~*~ (hiding).
   825 | D:1      | 825 ||| UPGRADING to amulet of reflection.
   830 | D:1      | 830 ||| READING scroll labelled DYGUC LOLO.
   831 | D:1      | 831 ||| READING 2 scrolls labelled RUOFIK TEILL.
   832 | D:1      | 832 ||| READING scroll labelled COKHESS HOTIL.
   833 | D:1      | 833 ||| READING scroll labelled TIES JUQEDEUPP.
   834 | D:1      | 834 ||| READING scroll labelled GOUNOCH VUONUTUA.
   850 | D:1      | 850 ||| DRINKING 2 fizzy blue potions.
   851 | D:1      | 851 ||| DROPPING scroll of poison.
  1001 | D:2      | 1001 ||| Stepping ~*~*~tactically~*~*~ (hiding).
  1002 | D:2      | 1002 ||| Stepping ~*~*~tactically~*~*~ (hiding).
  1244 | D:2      | Found a faded altar of an unknown god.
  1479 | D:2      | Reached XP level 4. HP: 28/28 MP: 4/4
  1480 | D:2      | 1480 ||| Stepping ~*~*~tactically~*~*~ (hiding).
  1861 | D:2      | Found an iron altar of Okawaru.
  1862 | D:2      | 1862 ||| PLANNING OKAWARU WORSHIP
  1862 | D:2      | 1862 ||| UPGRADING to +0 pair of gloves.
  1867 | D:2      | 1867 ||| READING scroll labelled TUM KUQOKHE.
  1868 | D:2      | 1868 ||| READING scroll labelled ITZECO UNAASCHE.
  1869 | D:2      | 1869 ||| READING scroll labelled NIDATZUHAS.
  1870 | D:2      | 1870 ||| DRINKING 2 blue potions.
  1975 | D:2      | 1975 ||| DRINKING 2 brown potions.
  1976 | D:2      | 1976 ||| DROPPING potion of berserk rage.
  1977 | D:2      | 1977 ||| DROPPING potion of brilliance.
  1987 | D:2      | Became a worshipper of Warmaster Okawaru
  1988 | D:2      | 1988 ||| PLANNING D:1-11
  1995 | D:2      | Reached skill level 1 in Throwing
  2061 | D:2      | 2061 ||| READING scroll labelled BIMARA LIXOO.
  2125 | D:3      | Found Suecisi's Assorted Antiques.
  2139 | D:3      | 2139 ||| BUYING fuming silvery potion (22 gold).
  2139 | D:3      | Bought a fuming silvery potion for 22 gold pieces
  2139 | D:3      | 2139 ||| BUYING scroll labelled DAUVAKUXKUH (25 gold).
  2139 | D:3      | Bought a scroll labelled DAUVAKUXKUH for 25 gold pieces
  2139 | D:3      | 2139 ||| SHOPLISTING scroll of identify (50 gold, have 22).
  2161 | D:3      | Reached skill level 4 in Axes
  2190 | D:3      | Found Soffumn's Book Shoppe.
  2262 | D:3      | Found Unoxziof's Weapon Boutique.
  2388 | D:3      | Found Suma's Distillery.
  2397 | D:3      | 2397 ||| BUYING potion of attraction (33 gold).
  2397 | D:3      | Bought a potion of attraction for 33 gold pieces
  2397 | D:3      | 2397 ||| BUYING potion of attraction (33 gold).
  2397 | D:3      | Bought a potion of attraction for 33 gold pieces
  2397 | D:3      | 2397 ||| SHOPLISTING potion of curing (33 gold, have 30).
  2397 | D:3      | 2397 ||| SHOPLISTING potion of lignification (33 gold, have
                  | 30).
  2437 | D:3      | Found Taskusuoce's Antique Weapon Shop.
  2784 | D:3      | 2784 ||| UPGRADING to +6 ring of dexterity.
  2785 | D:3      | 2785 ||| READING 2 scrolls labelled WIKLUDIMEO.
  2886 | D:3      | 2886 ||| READING scroll labelled DAUVAKUXKUH.
  2887 | D:3      | 2887 ||| READING scroll labelled MIUH XOONI.
  2890 | D:3      | 2890 ||| DROPPING scroll of silence.
  2981 | D:4      | Found a shimmering blue altar of Sif Muna.
  3127 | D:4      | Noticed an ogre
  3137 | D:4      | Killed an ogre
  3137 | D:4      | Reached * piety under Okawaru
  3138 | D:4      | Reached XP level 5. HP: 12/32 MP: 5/5
  3138 | D:4      | 3138 ||| INVOKING Heroism.
  3297 | D:4      | 3297 ||| Stepping ~*~*~tactically~*~*~ (stealth).
  3308 | D:4      | Reached skill level 1 in Invocations
  3308 | D:4      | Reached XP level 6. HP: 37/37 MP: 5/7
  3468 | D:4      | Reached skill level 5 in Axes
  3468 | D:4      | Reached skill level 3 in Invocations
  3478 | D:4      | 3478 ||| Stepping ~*~*~tactically~*~*~ (stealth).
  3482 | D:4      | Reached XP level 7. HP: 41/41 MP: 9/9
  3487 | D:4      | 3487 ||| INVOKING Heroism.
  3488 | D:4      | 3488 ||| INVOKING Heroism.
  3489 | D:4      | Reached ** piety under Okawaru
  3510 | D:4      | 3510 ||| Stepping ~*~*~tactically~*~*~ (stealth).
  3518 | D:4      | 3518 ||| Stepping ~*~*~tactically~*~*~ (stealth).
  3521 | D:4      | 3521 ||| Stepping ~*~*~tactically~*~*~ (stealth).
  3547 | D:4      | 3547 ||| DROPPING +0 flail.
  3717 | D:4      | 3717 ||| DRINKING 2 sapphire potions.
  3718 | D:4      | 3718 ||| READING 2 scrolls of identify.
  3718 | D:4      | 3718 ||| IDENTIFYING green potion
  3733 | D:5      | Entered Level 5 of the Dungeon
  3733 | D:5      | Found Tiaf's Armour Emporium.
  3734 | D:5      | 3734 ||| INVOKING Heroism.
  3796 | D:5      | 3796 ||| FLEEEEING.
  3797 | D:5      | 3797 ||| STAIRDANCE
  3875 | D:5      | 3875 ||| BUYING +0 chain mail (49 gold).
  3875 | D:5      | Bought a +0 chain mail for 49 gold pieces
  3875 | D:5      | 3875 ||| SHOPLISTING +0 pair of boots (49 gold, have 12).
  3875 | D:5      | 3875 ||| SHOPLISTING +4 chain mail of the Serpent {rF+}
                  | (423 gold, have 12).
  3890 | D:5      | Found a staircase to the Ecumenical Temple.
  3897 | D:5      | Reached skill level 6 in Axes
  3897 | D:5      | Reached XP level 8. HP: 45/48 MP: 11/11
  3953 | D:5      | Reached skill level 7 in Axes
  4030 | D:5      | 4030 ||| INVOKING Heroism.
  4169 | D:5      | Found Seac's Book Shoppe.
  4202 | D:5      | 4202 ||| Stepping ~*~*~tactically~*~*~ (hiding).
  4203 | D:5      | 4203 ||| Stepping ~*~*~tactically~*~*~ (hiding).
  4407 | D:5      | Reached *** piety under Okawaru
  4564 | D:5      | 4564 ||| INVOKING Heroism.
  4710 | D:5      | 4710 ||| UPGRADING to +0 chain mail.
  4720 | D:5      | 4720 ||| DROPPING +0 scale mail.
  4721 | D:5      | 4721 ||| READING scroll labelled SIL ALUUKOA.
  4722 | D:5      | 4722 ||| READING 2 scrolls of identify.
  4722 | D:5      | 4722 ||| IDENTIFYING fuming emerald potion
  4868 | D:6      | 4868 ||| INVOKING Heroism.
  4871 | D:6      | Reached skill level 8 in Axes
  4908 | D:6      | 4908 ||| INVOKING Heroism.
  4952 | D:6      | 4952 ||| Stepping ~*~*~tactically~*~*~ (stealth).
  4954 | D:6      | 4954 ||| Stepping ~*~*~tactically~*~*~ (hiding).
  4957 | D:6      | 4957 ||| INVOKING Heroism.
  4961 | D:6      | Reached XP level 9. HP: 54/54 MP: 9/12
  5004 | D:6      | 5004 ||| INVOKING Heroism.
  5010 | D:6      | Reached skill level 6 in Fighting
  5059 | D:6      | 5059 ||| Stepping ~*~*~tactically~*~*~ (hiding).
  5060 | D:6      | 5060 ||| Stepping ~*~*~tactically~*~*~ (hiding).
  5065 | D:6      | 5065 ||| INVOKING Heroism.
  5191 | D:6      | Found a hazy altar of Hepliaklqana.
  5211 | D:6      | 5211 ||| Stepping ~*~*~tactically~*~*~ (hiding).
  5218 | D:6      | 5218 ||| INVOKING Heroism.
  5226 | D:6      | 5226 ||| Stepping ~*~*~tactically~*~*~ (stealth).
  5243 | D:6      | 5243 ||| INVOKING Heroism.
  5370 | D:6      | Found a sparkling altar of Nemelex Xobeh.
  5600 | D:6      | 5600 ||| READING scroll labelled FOOT XUOTWOLES.
  5654 | D:7      | Identified the +1 pair of gloves of the Good {rElec}
  5731 | D:7      | 5731 ||| Stepping ~*~*~tactically~*~*~ (stealth).
  5735 | D:7      | 5735 ||| Stepping ~*~*~tactically~*~*~ (stealth).
  5739 | D:7      | Reached skill level 9 in Axes
  5770 | D:7      | 5770 ||| INVOKING Heroism.
  5858 | D:7      | 5858 ||| Stepping ~*~*~tactically~*~*~ (hiding).
  5958 | D:7      | Found an iron altar of Okawaru.
  5966 | D:7      | Reached **** piety under Okawaru
  6236 | D:7      | Found a glowing golden altar of the Shining One.
  6355 | D:7      | Identified the +7 spear "Dragon's Tongue" {elec, Will+}
  6357 | D:7      | 6357 ||| UPGRADING to +1 pair of gloves of the Good
                  | {rElec}.
  6367 | D:7      | 6367 ||| DROPPING +0 pair of gloves.
  6368 | D:7      | 6368 ||| UPGRADING to +0 pair of boots.
  6431 | D:8      | 6431 ||| PLANNING OSSUARY
  6503 | D:8      | 6503 ||| Stepping ~*~*~tactically~*~*~ (stealth).
  6505 | D:8      | 6505 ||| INVOKING Heroism.
  6533 | D:8      | 6533 ||| Stepping ~*~*~tactically~*~*~ (stealth).
  6543 | D:8      | Found a sand-covered staircase.
  6546 | D:8      | 6546 ||| READING 2 scrolls of identify.
  6546 | D:8      | 6546 ||| IDENTIFYING coppery potion
  6547 | D:8      | 6547 ||| Stepping ~*~*~tactically~*~*~ (hiding).
  6549 | D:8      | 6549 ||| DRINKING 5 potions of curing.
  6549 | D:8      | 6549 ||| (to cure confusion)
  6562 | D:8      | 6562 ||| DROPPING potion of flight.
  6566 | Ossuary  | Entered an ossuary
  6567 | Ossuary  | 6567 ||| INVOKING Heroism.
  6580 | Ossuary  | Received a gift from Okawaru
  6719 | Ossuary  | 6719 ||| DRINKING 2 yellow potions.
  6720 | Ossuary  | 6720 ||| READING 5 scrolls of identify.
  6720 | Ossuary  | 6720 ||| IDENTIFYING silvery potion
  6721 | Ossuary  | 6721 ||| READING 4 scrolls of identify.
  6721 | Ossuary  | 6721 ||| IDENTIFYING fuming silvery potion
  6722 | Ossuary  | 6722 ||| READING 3 scrolls of identify.
  6722 | Ossuary  | 6722 ||| IDENTIFYING fizzy sapphire potion
  6723 | Ossuary  | 6723 ||| READING 2 scrolls of identify.
  6723 | Ossuary  | 6723 ||| IDENTIFYING sedimented emerald potion
  6724 | Ossuary  | 6724 ||| DROPPING potion of degeneration.
  6738 | D:8      | 6738 ||| PLANNING D:1-11
  6930 | D:8      | 6930 ||| STAIRDANCE
  6959 | D:8      | 6959 ||| STAIRDANCE
  6986 | D:8      | 6986 ||| STAIRDANCE
  7046 | D:8      | 7046 ||| STAIRDANCE
  7082 | D:8      | Reached XP level 10. HP: 63/63 MP: 12/14
  7227 | D:8      | Found a snail-covered altar of Cheibriados.
  7605 | D:8      | 7605 ||| DROPPING scarf of shadows.
  7661 | D:9      | 7661 ||| INVOKING Heroism.
  7663 | D:9      | 7663 ||| STAIRDANCE
  7677 | D:9      | 7677 ||| STAIRDANCE
  7682 | D:8      | Reached skill level 6 in Invocations
  7684 | D:8      | 7684 ||| UPGRADING to +0 plate armour.
  7694 | D:8      | 7694 ||| DROPPING +0 chain mail.
  7698 | D:9      | 7698 ||| STAIRDANCE
  7802 | D:9      | 7802 ||| READING scroll of enchant weapon.
  7802 | D:9      | 7802 ||| ENCHANTING +0 spectral war axe.
  7860 | D:9      | Noticed a skeletal warrior
  7861 | D:9      | 7861 ||| INVOKING Heroism.
  7862 | D:9      | Noticed a skeletal warrior
  7862 | D:9      | Noticed a skeletal warrior
  7863 | D:9      | Noticed a skeletal warrior
  7870 | D:9      | HP: 12/63 [skeletal warrior/+0 long sword (8)]
  7871 | D:9      | 7871 ||| READING 2 scrolls of teleportation.
  7872 | D:9      | 7872 ||| DRINKING potion of heal wounds.
  7875 | D:9      | HP: 1/63 [skeletal warrior/+0 war axe (5)]
  7875 | D:9      | Demolished by a skeletal warrior

Levels and vault maps discovered:
D:1:      heliophobic_arrival_battle_scene, layout_basic, patterned_corridor
D:2:      layout_loops_corners, basic_ecumenical_altar, basic_altar
D:3:      layout_basic, serial_shops, shop_fountains,
          nicolae_shop_advertising_works [nicolae_subvault_shop_adworks], shop,
          shop_coins, nicolae_shop_statue_plus
D:4:      old_forge, layout_basic, old_standard_altar, minmay_manual_monstrance
D:5:      layout_cave_pods, minmay_temple_entry_water_ring, serial_shops,
          nicolae_diamond_shop, nicolae_shop_temple_entry_statues_fountains
D:6:      layout_basic, nicolae_hepliaklqana_hazy_memory,
          nemelex_spade_bored_becter
D:7:      layout_loops_ring, lemuel_tele_altar, tso_oasis_becter,
          supply_closet_lemuel
D:8:      layout_basic, slow_altar_2, nicolae_ossuary_entry_giza
D:9:      layout_basic, nicolae_gozag_cash_rules_everything_around_me,
          enter_bailey_6, st_stairs_14, serial_bayou_crossing, uniq_joseph

Skill      XL: |  1  2  3  4  5  6  7  8  9 10 |
---------------+-------------------------------+-----
Axes           | 2 3 4 5 6 8 9 |  9.5
Throwing       | 1 2 |  2.1
Dodging        | 2 |  2.2
Invocations    | 1 3 4 5 6 |  6.3
Fighting       | 4 5 7 |  7.0
Armour         | 5 |  5.5
Shields        | 4 |  4.1

Action                   |  1- 3 |  4- 6 |  7- 9 | 10-12 || total
-------------------------+-------+-------+-------+-------++-------
Melee: War axe           |    91 |    69 |   185 |    27 ||   372
Throw: Javelin           |     5 |    27 |    37 |     6 ||    75
       Boomerang         |       |       |    20 |     4 ||    24
Invok: Heroism           |       |     1 |    14 |     2 ||    17
  Use: Scroll            |     5 |     7 |     9 |     2 ||    23
       Potion            |     1 |     2 |     3 |     1 ||     7
 Stab: Distracted        |       |       |     1 |     1 ||     2
Armor: Scale mail        |    32 |    14 |    10 |       ||    56
       Chain mail        |       |       |    44 |     4 ||    48
       Plate armour      |       |       |       |     9 ||     9
Dodge: Dodged            |    25 |    18 |    38 |     9 ||    90
Block: Buckler           |    24 |    32 |    61 |    11 ||   128
       Reflection        |     1 |       |     1 |       ||     2

Table legend:
 A = Non-vault XP
 B = Vault XP
 C = Vault XP percentage of total XP
 D = Non-vault monster count
 E = Vault monster count
 F = Vault count percentage of total count
                 A         B        C        D         E       F
            +---------+---------+-------+---------+---------+-------
      Total |    4626 |     921 |  16.6 |     155 |      36 |  18.8
            +---------+---------+-------+---------+---------+-------
        D:1 |      58 |       0 |   0.0 |      24 |       0 |   0.0
        D:2 |      51 |       0 |   0.0 |      19 |       0 |   0.0
        D:3 |      40 |       0 |   0.0 |      12 |       0 |   0.0
        D:4 |     230 |     514 |  69.1 |      12 |      16 |  57.1
        D:5 |    1094 |       0 |   0.0 |      18 |       0 |   0.0
        D:6 |     976 |       0 |   0.0 |      25 |       0 |   0.0
        D:7 |     969 |       0 |   0.0 |      23 |       0 |   0.0
        D:8 |     788 |      38 |   4.6 |      16 |       4 |  20.0
        D:9 |     420 |       0 |   0.0 |       6 |       0 |   0.0
    Ossuary |       0 |     369 | 100.0 |       0 |      16 | 100.0
            +---------+---------+-------+---------+---------+-------
